 Dungeon Crawl Stone Soup version 0.20.1-1-g8b1a95d (webtiles) character file.

6170 ReteAZ the Grappler (level 10, -4/98 HPs)
             Began as a Troll Monk on Aug 20, 2017.
             Was a Priest of Elyvilon.
             Killed by divine providence
             ... invoked by an orc priest
              (8 damage)
             ... on level 10 of the Dungeon.
             The game lasted 00:14:08 (7464 turns).

ReteAZ the Grappler (Troll Monk)                    Turns: 7464, Time: 00:14:08

Health: -4/98      AC:  8    Str: 21    XL:     10   Next: 60%
Magic:  0/11       EV: 13    Int: 12    God:    Elyvilon [***...]
Gold:   522        SH:  0    Dex: 12    Spells: 9/9 levels left

rFire    . . .     SeeInvis .     - Unarmed
rCold    . . .     Gourm    +   (no shield)
rNeg     . . .     Faith    .   G - +2 robe {MR+}
rPois    .         Spirit   +   (helmet restricted)
rElec    .         Reflect  .   I - +0 cloak
rCorr    .         Harm     .   (gloves unavailable)
MR       +....                  (boots unavailable)
Stlth    ++........             w - amulet of guardian spirit
Regen    0.7/turn               q - +3 ring of intelligence
MPRegen  0.2/turn               D - ring of flight

@: no status effects
A: unfitting armour, claws 3, fast metabolism 3, gourmand, regeneration 1,
shaggy fur 1, tough skin 2
a: Lesser Healing, Heal Other, Purification, Divine Protection, Renounce
Religion, Evoke Flight


You were on level 10 of the Dungeon.
You worshipped Elyvilon.
Elyvilon was most pleased with you.
You were very full.

You visited 2 branches of the dungeon, and saw 11 of its levels.

You collected 522 gold pieces.

Inventory:

Missiles
 t - 2 throwing nets (quivered)
 v - 15 tomahawks
Armour
 a - a +1 robe
 G - a +2 robe of magic resistance (worn)
 I - a +0 cloak (worn)
Jewellery
 q - a +3 ring of intelligence (left claw)
 w - an amulet of guardian spirit (around neck)
 D - a ring of flight (right claw)
 L - an uncursed ring of ice
Wands
 x - a wand of digging (0/24)
 F - a wand of digging (11/24)
Scrolls
 g - 2 scrolls of fear
 i - a scroll of enchant weapon
 k - a scroll of teleportation
 l - a scroll of enchant armour
 n - 4 scrolls of remove curse
 s - 6 scrolls of identify
 u - a scroll of fog
 y - 2 scrolls of amnesia
 C - a scroll of recharging {unknown}
 K - a scroll of silence {unknown}
Potions
 c - 6 potions of curing
 e - a potion of degeneration {unknown}
 h - a potion of brilliance {unknown}
 m - a potion of ambrosia {unknown}
 o - 3 potions of berserk rage {unknown}
 p - 4 potions of might {unknown}
 r - 2 potions of invisibility {unknown}
 z - a potion of mutation {unknown}
 A - 3 potions of magic {unknown}
 E - 2 potions of haste {unknown}
 H - a potion of heal wounds {unknown}
Books
 J - a book of Conjurations

   Spells                             Type                      Level
   a - Magic Dart                     Conjuration                  1
   b - Searing Ray                    Conjuration                  2
   c - Dazzling Spray                 Conjuration/Hexes            3
   d - Fulminant Prism                Conjuration/Hexes            4
   e - Force Lance                    Conjuration/Translocation    4
   f - Iskenderun's Mystic Blast      Conjuration                  4
Comestibles
 b - 7 bread rations
 d - 6 meat rations
 f - 4 royal jellies
 j - 8 fruits
 B - 3 chunks of flesh


   Skills:
 - Level 6.0 Fighting
 + Level 2.4 Armour
 + Level 6.5 Dodging
 - Level 1.0 Stealth
 * Level 12.1 Unarmed Combat
 + Level 2.6 Invocations


You had 9 spell levels left.
You didn't know any spells.

Dungeon Overview and Level Annotations

Branches:
Dungeon (10/15)            Temple (1/1) D:6
   Lair: D:8-11         Orc: D:9-12

Altars:
Ashenzari
Cheibriados
Dithmenos
Elyvilon
Fedhas
Gozag
Hepliaklqana
Kikubaaqudgha
Makhleb
Nemelex Xobeh
Okawaru
Qazlal
Ru
Sif Muna
Trog
Uskayaw
Vehumet
Xom
Yredelemnul
Zin
The Shining One
Lugonu

Shops:
D:5 *   D:6 %   D:9 ::=*}


Innate Abilities, Weirdness & Mutations

You are too large for most types of armour.
You have claws for hands.
Your metabolism is lightning-fast.
You like to eat raw meat.
Your natural rate of healing is unusually fast.
You are covered in fur. (AC +1)
You have very tough skin. (AC +2)


Message History

* * * LOW HITPOINT WARNING * * *
You swing at nothing.
The orc warrior hits you from afar with a vampiric glaive!!
* * * LOW HITPOINT WARNING * * *
You swing at nothing.
You swing at nothing.
The orc warrior closely misses you.
You swing at nothing.
You swing at nothing.
The orc warrior closely misses you. Something hits you but does no damage.
You swing at nothing.
The orc warrior closely misses you. Something hits you but does no damage.
You swing at nothing.
You swing at nothing.
Something hits you but does no damage.
The orc warrior hits you but does no damage.
You swing at nothing.
Something hits you.
* * * LOW HITPOINT WARNING * * *
You swing at nothing.
The orc warrior completely misses you.
The orc priest invokes the aid of Beogh against you.
Beogh smites you!
You die...

#.#.##.o))..o...
#.....o.)o.{.o..
###.##.#)..#...#
#....##8## #
##o.##########
#o.#........#
#....(.##...#
#o###o.##...#
#.)@...##...#
######.##...##
#............#
#.####..#†#.##
#.# ##.#.#.# #.#
#.#.#.# #.#
#.#.#.#
#.#####.#.#...
###.##........#


You could see an orc warrior and an orc priest.

Vanquished Creatures
  A catoblepas (D:9)
  The ghost of Theopeo the Covert, a novice OpAs (D:5)
  A merfolk (D:9)
  A hornet (D:8)
  Sigmund (D:3)
  2 wyverns
  A water moccasin (D:8)
  Duvessa (D:6)
  4 orc warriors
  3 black bears (D:7)
  2 sky beasts
  A phantom (D:8)
  2 ice beasts (D:8)
  5 ogres
  A necrophage (D:6)
  2 centaurs
  3 bullfrogs
  Dowan (D:6)
  6 scorpions
  A howler monkey (D:9)
  An electric eel (D:9)
  A crimson imp (D:8)
  A centaur zombie (D:6)
  A quasit (D:9)
  3 hounds
  9 orc priests
  3 bullfrog skeletons
  A gnoll shaman (D:5)
  12 orc wizards
  3 iguanas
  A centaur skeleton (D:6)
  12 worker ants
  Natasha (thrice) (D:4)
  A killer bee zombie (D:7)
  A hound skeleton (D:4)
  Robin (D:3)
  A worker ant zombie (D:9)
  11 gnolls
  12 adders
  A howler monkey skeleton (D:8)
  A shadow imp (D:5)
  2 oozes
  An adder zombie (D:5)
  An adder skeleton (D:9)
  A worm (D:4)
  2 dart slugs
  4 leopard geckos
  37 orcs
  9 giant cockroaches
  11 goblins
  10 hobgoblins
  7 jackals
  4 quokkas
  A ball python (D:1)
  15 bats
  5 frilled lizards
  5 kobolds
  A leopard gecko skeleton (D:4)
  6 rats
  2 fungi (D:4)
244 creatures vanquished.

Vanquished Creatures (others)
  A scorpion (D:9)
1 creature vanquished.

Grand Total: 245 creatures vanquished

Notes
Turn   | Place    | Note
-------+----------+-------------------------------------------
     0 | D:1      | ReteAZ the Troll Monk began the quest for the Orb.
     0 | D:1      | Reached XP level 1. HP: 22/22 MP: 0/0
   497 | D:1      | Reached XP level 2. HP: 29/29 MP: 1/1
   776 | D:2      | Reached skill level 4 in Unarmed Combat
   827 | D:2      | Found a burning altar of Makhleb.
   833 | D:2      | Reached XP level 3. HP: 26/36 MP: 2/2
  1198 | D:2      | Reached XP level 4. HP: 42/44 MP: 3/3
  1242 | D:2      | Reached skill level 5 in Unarmed Combat
  1266 | D:2      | Found a deep blue altar of Sif Muna.
  1374 | D:3      | Found an opulent altar of Gozag.
  1404 | D:3      | Found an ancient bone altar of Kikubaaqudgha.
  1487 | D:3      | Noticed Robin
  1495 | D:3      | Noticed Sigmund
  1503 | D:3      | Killed Robin
  1513 | D:3      | Killed Sigmund
  1513 | D:3      | Reached skill level 6 in Unarmed Combat
  1513 | D:3      | Reached XP level 5. HP: 21/50 MP: 4/4
  1513 | D:3      | Reached XP level 6. HP: 24/59 MP: 5/5
  1756 | D:3      | Reached skill level 7 in Unarmed Combat
  2034 | D:4      | HP: 1/59 [worm (5)]
  2308 | D:4      | Found a stormy altar of Qazlal.
  2315 | D:4      | Found a bloodstained altar of Trog.
  2361 | D:4      | Found a blossoming altar of Fedhas.
  2389 | D:4      | Noticed Natasha
  2393 | D:4      | Killed Natasha
  2568 | D:4      | Noticed Natasha
  2572 | D:4      | Killed Natasha
  2675 | D:4      | Reached XP level 7. HP: 57/67 MP: 6/6
  3012 | D:4      | Noticed Natasha
  3016 | D:4      | Killed Natasha
  3151 | D:4      | Reached skill level 8 in Unarmed Combat
  3310 | D:5      | Entered Level 5 of the Dungeon
  3604 | D:5      | Reached XP level 8. HP: 68/78 MP: 7/7
  3759 | D:5      | Found Zin's Purification Station.
  3764 | D:5      | Found a glowing silver altar of Zin.
  3810 | D:5      | Reached skill level 9 in Unarmed Combat
  3865 | D:5      | Noticed Theopeo's ghost (novice OpAs)
  3883 | D:5      | Killed Theopeo's ghost
  4311 | D:6      | Found a staircase to the Ecumenical Temple.
  4377 | D:6      | Reached XP level 9. HP: 85/87 MP: 8/8
  4407 | Temple   | Entered the Ecumenical Temple
  4497 | D:6      | Reached skill level 5 in Fighting
  4546 | Temple   | Became a worshipper of Elyvilon the Healer
  4546 | Temple   | Reached * piety under Elyvilon
  4546 | Temple   | Reached ** piety under Elyvilon
  4580 | D:6      | Found Ihialug's Food Boutique.
  4613 | D:6      | Noticed Duvessa
  4617 | D:6      | Noticed Dowan
  4624 | D:6      | Killed Duvessa
  4624 | D:6      | Reached skill level 10 in Unarmed Combat
  4632 | D:6      | Killed Dowan
  4745 | D:6      | Reached skill level 5 in Dodging
  4951 | D:6      | Found an iron altar of Okawaru.
  5242 | D:7      | Found a sparkling altar of Nemelex Xobeh.
  5244 | D:7      | Found a shimmering altar of Xom.
  5612 | D:8      | Reached *** piety under Elyvilon
  5700 | D:8      | Reached skill level 11 in Unarmed Combat
  5798 | D:8      | Found a snail-covered altar of Cheibriados.
  6120 | D:8      | Found an ancient bone altar of Kikubaaqudgha.
  6125 | D:8      | Reached XP level 10. HP: 86/98 MP: 7/9
  6194 | D:8      | Reached skill level 1 in Armour
  6245 | D:8      | Reached skill level 1 in Invocations
  6381 | D:9      | Found a hide-covered altar of Uskayaw.
  6384 | D:9      | Noticed a hand axe
  6391 | D:9      | Found Noun's General Store.
  6417 | D:9      | Found Qecimn's Gadget Boutique.
  6454 | D:9      | Found Biegh's Book Shoppe.
  6479 | D:9      | Found Zifoduar's Book Shoppe.
  6514 | D:9      | Found a sacrificial altar of Ru.
  6559 | D:9      | Found a stormy altar of Qazlal.
  6729 | D:9      | Noticed a catoblepas
  6742 | D:9      | Killed a catoblepas
  7151 | D:9      | Noticed a dagger
  7157 | D:9      | Found Jiseil's Jewellery Boutique.
  7341 | D:10     | Entered Level 10 of the Dungeon
  7408 | D:10     | Reached skill level 12 in Unarmed Combat
  7455 | D:10     | HP: 1/98 [orc warrior/vampiric glaive (26)]
  7463 | D:10     | HP: 3/98 [something (2)]
  7464 | D:10     | Killed from afar by an orc priest

Skill      XL: |  1  2  3  4  5  6  7  8  9 10 |
---------------+-------------------------------+-----
Unarmed Combat | 4 6 7 8 9 11 12 | 12.1
Fighting       | 3 4 6 |  6.0
Dodging        | 3 4 5 6 |  6.5
Armour         | 2 |  2.4
Invocations    | 2 |  2.6
Stealth        | |  1.0

Action                   |  1- 3 |  4- 6 |  7- 9 | 10-12 || total
-------------------------+-------+-------+-------+-------++-------
Melee: Unarmed           |    88 |   137 |   370 |   128 ||   723
       Punch             |       |     4 |     9 |     8 ||    21
  Use: Potion            |       |     1 |       |       ||     1
       Scroll            |       |       |    11 |       ||    11
 Stab: Sleeping          |     2 |     1 |     6 |     1 ||    10
       Distracted        |       |     1 |     1 |       ||     2
       Invisible         |       |       |       |     1 ||     1
       Paralysed         |       |       |       |     1 ||     1
  Eat: Chunk             |    16 |    14 |    30 |    13 ||    73
Armor: Robe              |    22 |    37 |    96 |    32 ||   187
Dodge: Dodged            |    48 |    51 |   157 |    78 ||   334
